 Dungeon Crawl Stone Soup version 0.30-a0-137-gd8773701ce (webtiles) character file.

Game seed: 7097466133395725537

79 flotson the Sneak (level 4, -7/35 HPs)
             Began as a Demonspawn Delver on Sept 21, 2022.
             Killed from afar by an orc wizard (10 damage)
             ... with a puff of flame
             ... on level 3 of the Dungeon.
             The game lasted 00:04:12 (2481 turns).

flotson the Sneak (Demonspawn Delver)               Turns: 2481, Time: 00:04:12

Health: -7/35      AC:  5    Str: 14    XL:     4   Next: 16%
Magic:  0/4        EV: 11    Int: 11    God:
Gold:   54         SH:  0    Dex: 15    Spells: 3/3 levels left

rFire   . . .      SeeInvis .    a - +0 war axe
rCold   . . .      Faith    .    (no shield)
rNeg    . . .      Spirit   +    s - +0 ring mail
rPois   .          Reflect  .    (no helmet)
rElec   .          Harm     .    (no cloak)
rCorr   .          Rampage  .    (no gloves)
Will    +....                    (no boots)
Stlth   ++........               i - amulet of guardian spirit
HPRegen 0.11/turn                j - ring of willpower
MPRegen 0.09/turn                (no ring)

@: no status effects
A: ignite blood 2, weakness stinger 1
a: no special abilities


You were on level 3 of the Dungeon.
You visited 1 branch of the dungeon, and saw 5 of its levels.

You collected 54 gold pieces.

Inventory:

Hand Weapons
 a - a +0 war axe (weapon)
 b - a +0 sling
Armour
 s - a +0 ring mail (worn)
Jewellery
 i - an amulet of guardian spirit (around neck)
 j - a ring of willpower (left hand)
Wands
 g - a wand of digging (2)
Scrolls
 c - a scroll of fog
 d - a scroll of fear
 e - 2 scrolls of vulnerability {unknown}
 l - a scroll of identify {unknown}
 m - 4 scrolls of teleportation {unknown}
 n - a scroll of immolation {unknown}
 q - a scroll of poison {unknown}
 t - a scroll of summoning {unknown}
 u - a scroll of enchant armour {unknown}
Potions
 f - a potion of haste
 h - 2 potions of curing {unknown}
 k - a potion of attraction {unknown}
 o - 2 potions of brilliance {unknown}
 p - a potion of mutation {unknown}
 r - 2 potions of degeneration {unknown}


   Skills:
 + Level 3.4 Fighting
 + Level 2.3 Axes
 + Level 0.3 Ranged Weapons
 + Level 1.2 Armour
 + Level 2.3 Dodging
 - Level 4.5 Stealth
 + Level 1.4 Evocations


You had 3 spell levels left.
You didn't know any spells.
Your spell library contained the following spells:

 Spells                   Type           Power      Damage    Failure   Level
 Magic Dart               Conj           0%         1d3       58%         1
 Searing Ray              Conj           0%         2d4       73%         2
 Gell's Gravitas          Tloc           0%         N/A       91%         3
 Ozocubu's Armour         Ice            0%         N/A       91%         3
 Teleport Other           Tloc           0%         N/A       91%         3
 Fulminant Prism          Conj/Hex       0%         3d6       100%        4
 Dispersal                Tloc           0%         N/A       100%        6
 Ozocubu's Refrigeration  Ice            0%         4d7       100%        7


Dungeon Overview and Level Annotations

Branches:
Dungeon (5/15)             Temple (0/1) D:4

Altars:

Shops:
D:5 =

Annotations:
D:2 Terence
D:5 Dowan, Duvessa


Innate Abilities, Weirdness & Mutations

Your demonic aura often causes spilled blood to erupt in flames.
You have a small tail.


Message History

You closely miss something. Something hits you but does no damage.
Something hits you.
You miss something. Something hits you but does no damage.
You closely miss something. Something hits you.
You barely miss something. Something hits you but does no damage.
Something hits you.
You closely miss something. Something hits you but does no damage.
You miss something.
Something hits you but does no damage. x2
You hit something but do no damage. Something barely misses you.
You closely miss something. Something hits you but does no damage.
You miss something. Something hits you. Something hits you but does no damage.
You miss something. You tail-slap something. You punch something.
You hear some strange, mumbled words.
A puff of flame appears from out of thin air!
The puff of flame hits you.
You closely miss something. Your punch misses something. Something hits you.
* * * LOW HITPOINT WARNING * * *
You miss something.
Your tail-slap misses something.
Something completely misses you. Something hits you but does no damage.
You miss something. Something hits you but does no damage.
You slash something!
Your tail-slap misses something.
Something hits you but does no damage.
You hear some strange, mumbled words.
Something tries to affect you, but you resist.
You miss something. You tail-slap something.
You hear some strange, mumbled words.
A magic dart appears from out of thin air!
The magic dart hits you.
* * * LOW HITPOINT WARNING * * *
You closely miss something. Something hits you but does no damage.
You closely miss something.
Your tail-slap misses something.
Something hits you.
* * * LOW HITPOINT WARNING * * *
Something hits you.
* * * LOW HITPOINT WARNING * * *
You miss something.
You hear some strange, mumbled words.
A puff of flame appears from out of thin air!
The puff of flame hits you!
You die...

#.####..# ##
#.......#
######.## #.# #.#
#.# #.#
...###.##########
#.......@{o.....
####...#########
#..... ##...##
##.## #.# #.# #+


You could see an orc.

Vanquished Creatures
  An adder (D:2)
  2 worms (D:2)
  2 dart slugs (D:2)
  An orc (D:3)
  5 ball pythons
  3 endoplasms
  6 goblins
  8 hobgoblins
  9 jackals
  2 quokkas (D:1)
  3 bats
  A frilled lizard (D:2)
  4 kobolds
  6 rats
53 creatures vanquished.

Notes
Turn   | Place    | Note
-------+----------+-------------------------------------------
     0 | D:5      | flotson the Demonspawn Delver began the quest for the Orb.
     0 | D:5      | Reached XP level 1. HP: 18/18 MP: 1/1
     3 | D:5      | Found Wuz Uhon's Jewellery Shop.
    18 | D:5      | Noticed Duvessa
    18 | D:5      | Noticed Dowan
    23 | D:5      | Noticed a scorpion
   167 | D:4      | Noticed a black bear
   311 | D:2      | Gained mutation: You have a small tail. [demonic ancestry]
   311 | D:2      | Reached XP level 2. HP: 19/24 MP: 2/2
   462 | D:1      | Found a faded altar of an unknown god.
   702 | D:1      | Reached skill level 1 in Evocations
   702 | D:1      | HP: 1/24 [goblin/+0 dagger (1)]
  1001 | D:1      | Gained mutation: Your demonic aura sometimes causes spilled
                  | blood to erupt in flames. [demonic ancestry]
  1001 | D:1      | Reached XP level 3. HP: 29/29 MP: 3/3
  1092 | D:1      | Reached skill level 1 in Armour
  1296 | D:2      | Noticed Terence
  1839 | D:2      | Gained mutation: Your demonic aura often causes spilled
                  | blood to erupt in flames. [demonic ancestry]
  1839 | D:2      | Reached XP level 4. HP: 31/35 MP: 2/4
  2481 | D:3      | Killed from afar by an orc wizard

Illustrated notes

Levels and vault maps discovered:
D:1:      dpeg_arrival_stone_temple_mockup, layout_rooms,
          ebering_ecumenical_altar_rust
D:2:      layout_rooms, grunt_ministairs_15, uniq_terence
D:3:      layout_loops_corners
D:4:      minmay_skewed_foursquare, layout_loops_corners, kennysheep_mini_moat
D:5:      layout_basic, serial_shops, nicolae_shop_statue_plus, uniq_duvessa

Skill      XL: |  1  2  3 |
---------------+----------+-----
Axes           | 2 |  2.3
Dodging        | 2 |  2.3
Evocations     | 1 |  1.4
Armour         | 1 |  1.2
Fighting       | |  3.4
Ranged Weapons | |  0.3
Stealth        | |  4.5

Action                   |  1- 3 |  4- 6 || total
-------------------------+-------+-------++-------
Melee: War axe           |    72 |    37 ||   109
       Tailslap          |     6 |     5 ||    11
       Punch             |       |     1 ||     1
 Fire: Sling             |    82 |     3 ||    85
Evoke: Wand              |     1 |       ||     1
  Use: Scroll            |     2 |       ||     2
 Stab: Sleeping          |     1 |       ||     1
Armor: Leather armour    |    37 |       ||    37
       Ring mail         |     8 |    18 ||    26
Dodge: Dodged            |   118 |     8 ||   126

Table legend: (Time is in decaauts)
 A = Elapsed time spent in this place.
 B = Non-inter-level travel time spent in this place.
 C = Inter-level travel time spent in this place.
 D = Time resting spent in this place.
 E = Time spent auto-exploring this place.
 F = Levels seen in this place.
 G = Mean time per level.
                   A        B        C        D        E       F      G
               +--------+--------+--------+--------+--------+-----+--------+
         Total |   2556 |   2523 |     33 |    242 |   1633 |   5 |  511.2 |
       Dungeon |   2556 |   2523 |     33 |    242 |   1633 |   5 |  511.2 |
               +--------+--------+--------+--------+--------+-----+--------+

Top non-repeatable levels by time:
     D:1: 1119 daAuts
     D:2: 947 daAuts
     D:3: 262 daAuts
     D:4: 196 daAuts
     D:5: 30 daAuts
